 Dungeon Crawl Stone Soup version 0.23-a0-304-g26e74f2 (webtiles) character file.

5261 Faust the Thaumaturge (level 10, -7/52 HPs)
             Began as a Deep Elf Wizard on Oct 8, 2018.
             Was an Elder of Sif Muna.
             Mangled by an orc warrior
             ... wielding a +0 trident
              (12 damage)
             ... on level 10 of the Dungeon on Oct 9, 2018.
             The game lasted 02:45:11 (15272 turns).

Faust the Thaumaturge (Deep Elf Wizard)            Turns: 15272, Time: 02:45:11

Health: -7/52      AC:  4    Str:  4    XL:     10   Next: 36%
Magic:  17/28      EV: 14    Int: 29    God:    Sif Muna [****..]
Gold:   46         SH:  0    Dex: 19    Spells: 21/34 levels left

rFire    + . .     SeeInvis +   x - +11 dagger of Juyd Doa {flame, +Rage rPois rF+ Int+2}
rCold    . . .     Gourm    .   (no shield)
rNeg     . . .     Faith    .   a - +0 robe
rPois    +         Spirit   .   b - +0 hat
rElec    .         Reflect  .   l - +0 cloak
rCorr    .         Harm     .   (no gloves)
MR       +....                  n - +0 pair of boots
Stlth    +++.......             v - amulet of regeneration
HPRegen  0.57/turn              c - ring of see invisible
MPRegen  0.21/turn              z - +6 ring of dexterity

@: no status effects
A: no striking features
a: Divine Energy, Channel Magic, Forget Spell, Renounce Religion, Evoke Berserk
Rage


You were on level 10 of the Dungeon.
You worshipped Sif Muna.
Sif Muna was greatly pleased with you.
You were not hungry.

You visited 3 branches of the dungeon, and saw 13 of its levels.
You also visited: Sewer and Ossuary.

You collected 606 gold pieces.
You spent 560 gold pieces at shops.

Inventory:

Hand Weapons
 k - a +6 quarterstaff of chaos
 x - the +11 dagger of Juyd Doa (weapon) {flame, +Rage rPois rF+ Int+2}
   (You found it on level 6 of the Dungeon)

   It has been specially enchanted to burn those struck by it, causing extra
   injury to most foes and up to half again as much damage against particularly
   susceptible opponents.
   It affects your intelligence (+2).
   It protects you from fire.
   It protects you from poison.
   It lets you go berserk.
Missiles
 w - 124 arrows
 B - 5 throwing nets (quivered)
Armour
 a - a +0 robe (worn)
 b - a +0 hat (worn)
 l - a +0 cloak (worn)
 n - a +0 pair of boots (worn)
Jewellery
 c - a ring of see invisible (left hand)
 e - an uncursed ring of ice
 f - an uncursed amulet of the gourmand
 v - an amulet of regeneration (around neck)
 z - a +6 ring of dexterity (right hand)
 C - an uncursed ring of positive energy {unknown}
Wands
 m - a wand of iceblast (9)
 q - a wand of paralysis (24)
 E - a wand of random effects (37)
Scrolls
 g - 5 scrolls of remove curse
 p - 2 scrolls of fear
 t - a scroll of blinking {unknown}
 u - a scroll of enchant weapon
 y - a scroll of amnesia {unknown}
 A - a scroll of fog
 D - a scroll of silence {unknown}
 H - a scroll of identify
 I - a scroll of magic mapping
Potions
 h - 3 potions of agility
 i - 3 potions of heal wounds
 j - 3 potions of resistance
 o - 4 potions of curing
 r - 3 potions of flight
 s - 2 potions of brilliance
 F - a potion of ambrosia {unknown}
 G - a potion of mutation {unknown}
Comestibles
 d - 6 rations


   Skills:
 + Level 1.2 Fighting
 + Level 1.4 Short Blades
 + Level 1.2 Staves
 + Level 3.5 Dodging
 + Level 4.7 Stealth
 + Level 12.8 Spellcasting
 * Level 6.7 Conjurations
 + Level 8.3 Summonings
 + Level 2.2 Translocations
 + Level 3.3 Transmutations
 + Level 2.5 Fire Magic
 - Level 0.6 Air Magic
 + Level 1.6 Poison Magic
 + Level 0.8 Invocations


You had 21 spell levels left.
You knew the following spells:

 Your Spells              Type           Power        Failure   Level  Hunger
a - Magic Dart            Conj           ####         1%          1    None
b - Blink                 Tloc           N/A          1%          2    None
c - Call Imp              Summ           ######..     1%          2    None
d - Conjure Flame         Conj/Fire      #####...     1%          3    None
e - Mephitic Cloud        Conj/Pois/Air  #####...     2%          3    None
f - Sticks to Snakes      Tmut           #####...     1%          2    None

Your spell library contained the following spells:

 Spells                   Type           Power        Failure   Level  Hunger
 Beastly Appendage        Tmut           #####.       1%          1    None
 Corona                   Hex            ###....      2%          1    None
 Infusion                 Chrm           ###.         2%          1    None
 Shroud of Golubria       Chrm/Tloc      ####......   2%          2    None
 Spider Form              Tmut/Pois      ####......   3%          3    None
 Slow                     Hex            ###.....     4%          2    None
 Song of Slaying          Chrm           ###.....     4%          2    None
 Inner Flame              Hex/Fire       ####....     4%          3    None
 Portal Projectile        Hex/Tloc       ####..       5%          3    None
 Regeneration             Chrm/Necr      ###.......   9%          3    None
 Spectral Weapon          Hex/Chrm       ###.....     9%          3    None
 Ice Form                 Ice/Tmut       ####....     14%         4    None
 Blade Hands              Tmut           #####.....   21%         5    ##.....
 Cause Fear               Hex            ###.......   28%         4    None
 Leda's Liquefaction      Hex/Erth       ###.......   28%         4    None


Dungeon Overview and Level Annotations

Branches:
Dungeon (10/15)            Temple (1/1) D:4            Lair (2/6) D:9
  Swamp: Lair:2-4    Shoals: Lair:2-4     Snake: Lair:2-4    Spider: Lair:2-4
    Orc: D:9-12

Altars:
Ashenzari
Dithmenos
Elyvilon
Makhleb
Nemelex Xobeh
Qazlal
Sif Muna
Uskayaw
Yredelemnul
Zin
The Shining One

Shops:
D:4 *   D:8 ?(*}


Message History

The orc warrior hits you from afar with a trident.
Your iron imp hits the orc warrior!
Your crimson imp hits the orc warrior but does no damage.
The orc warrior closely misses you.
Your crimson imp closely misses the orc warrior.
Your iron imp hits the orc warrior but does no damage.
Your crimson imp closely misses the orc warrior.
The orc warrior misses you.
Your crimson imp closely misses the orc warrior.
Something hits your crimson imp.
Your crimson imp hits the orc warrior but does no damage.
Your iron imp hits the orc warrior but does no damage.
The orc warrior hits you from afar with a trident!!
* * * LOW HITPOINT WARNING * * *
Your crimson imp closely misses the orc warrior.
Something closely misses your crimson imp.
Your crimson imp blinks!
Your iron imp closely misses the orc warrior.
The orc warrior hits you from afar with a trident!
You die...

..# ..# o.# o.# ..# .Z#
######o# ##...@55#
#..###### ##+###### #.##
........# ##.########
......<.# #.........#
.......[###.........#
........#...........#
....<...#.#.........# #
....................##..


You could see an orc warrior, a bullfrog zombie, a friendly iron imp and a
friendly crimson imp.

Vanquished Creatures
  A two-headed ogre (D:9)
  Joseph (D:9)
  2 trolls
  A porcupine (D:9)
  An orc warrior (D:9)
  An eye of draining (D:10)
  An ice beast (D:7)
  3 black bears (D:9)
  A wolf (D:9)
  3 centaurs
  3 ogres
  4 crocodiles
  An elf zombie (D:4)
  2 bullfrogs
  2 elf skeletons (D:4)
  3 scorpions
  2 killer bees (D:9)
  2 wights (D:6)
  A howler monkey (D:6)
  A crimson imp (D:5)
  A centaur zombie (D:10)
  4 orc priests
  A hound (D:6)
  2 orc wizards (D:5)
  A bullfrog skeleton (D:4)
  4 worker ants
  A killer bee zombie (D:7)
  A hound skeleton (D:8)
  A worker ant zombie (D:10)
  2 gnolls (D:6)
  5 adders
  A shadow imp (D:7)
  An ooze (D:3)
  An adder zombie (D:5)
  A worm (D:3)
  3 leopard geckos
  9 orcs
  6 ball pythons
  3 giant cockroaches
  7 hobgoblins
  5 jackals
  15 kobolds
  3 quokkas
  5 bats
  7 frilled lizards
  7 goblins
  A jackal skeleton (D:6)
  An orc skeleton (D:4)
  14 rats
149 creatures vanquished.

Vanquished Creatures (collateral kills)
  Harold (D:8)
  A spriggan (D:7)
  A basilisk (Lair:1)
  2 hungry ghosts
  Edmund (D:6)
  2 porcupines (D:9)
  A black bear (D:10)
  2 sky beasts
  A wolf (D:9)
  2 ogres
  2 crocodiles (D:9)
  A big kobold (Sewer)
  2 bullfrogs
  A killer bee (D:9)
  2 scorpions
  2 wights (D:6)
  3 howler monkeys
  A bullfrog zombie (D:9)
  3 crimson imps
  An orc wizard (D:9)
  2 orc priests
  Crazy Yiuf (D:2)
  A hound (D:7)
  A bullfrog skeleton (D:7)
  2 worker ants
  A hound zombie (D:6)
  A gnoll (D:6)
  12 adders
  5 river rats (Sewer)
  A shadow imp (D:5)
  2 worms (D:2)
  2 leopard geckos
  8 orcs
  3 ball pythons (Sewer)
  2 giant cockroaches (D:2)
  3 goblins
  2 hobgoblins
  2 jackals (D:4)
  2 quokkas
  A frilled lizard (D:5)
  12 kobolds
  2 orc skeletons (D:4)
  A quokka skeleton (D:5)
  17 rats
  2 fungi (D:2)
120 creatures vanquished.

Vanquished Creatures (others)
  An orc (D:9)
  4 fungi (D:9)
  4 plants (D:9)
9 creatures vanquished.

Grand Total: 278 creatures vanquished

Notes
Turn   | Place    | Note
-------+----------+-------------------------------------------
     0 | D:1      | Faust the Deep Elf Wizard began the quest for the Orb.
     0 | D:1      | Reached XP level 1. HP: 10/10 MP: 7/7
   382 | D:1      | Reached skill level 5 in Spellcasting
   603 | D:1      | Reached XP level 2. HP: 15/15 MP: 8/10
   726 | D:1      | Learned a level 2 spell: Blink
   729 | D:1      | Learned a level 2 spell: Call Imp
  1597 | D:2      | Reached XP level 3. HP: 19/19 MP: 7/12
  1602 | D:2      | Learned a level 3 spell: Conjure Flame
  1606 | D:2      | Learned a level 3 spell: Mephitic Cloud
  2226 | D:2      | Found a runed door.
  2230 | D:2      | Noticed Crazy Yiuf
  2253 | D:2      | Killed Crazy Yiuf
  2253 | D:2      | Reached skill level 6 in Spellcasting
  2396 | D:2      | Reached XP level 4. HP: 24/24 MP: 7/14
  3235 | D:3      | Found a glowing drain.
  3242 | Sewer    | Entered a sewer
  3521 | Sewer    | Reached XP level 5. HP: 28/28 MP: 3/16
  3766 | Sewer    | Reached skill level 7 in Spellcasting
  4698 | D:3      | Reached XP level 6. HP: 22/32 MP: 10/18
  5305 | D:4      | Found a sand-covered staircase.
  5335 | D:4      | Reached skill level 1 in Staves
  5342 | Ossuary  | Entered an ossuary
  5698 | D:4      | Found Jaho's Assorted Antiques.
  5727 | D:4      | Found a staircase to the Ecumenical Temple.
  5742 | Temple   | Entered the Ecumenical Temple
  5840 | Temple   | Became a worshipper of Sif Muna the Loreminder
  6315 | D:5      | Entered Level 5 of the Dungeon
  6331 | D:5      | Reached skill level 8 in Spellcasting
  6378 | D:5      | Reached XP level 7. HP: 37/37 MP: 0/20
  6556 | D:5      | Learned a level 2 spell: Sticks to Snakes
  6899 | D:5      | Reached * piety under Sif Muna
  7215 | D:5      | Upgraded the game from 0.23-a0-303-gfcac5de to
                  | 0.23-a0-304-g26e74f2
  7227 | D:5      | Reached skill level 5 in Summonings
  7709 | D:5      | Reached skill level 1 in Fighting
  8246 | D:6      | Reached skill level 9 in Spellcasting
  8461 | D:6      | Reached XP level 8. HP: 15/43 MP: 14/23
  8781 | D:6      | Got a dazzling dagger
  8782 | D:6      | Identified the +11 dagger of Juyd Doa {flame, +Rage rPois
                  | rF+ Int+2} (You found it on level 6 of the Dungeon)
  9161 | D:6      | Reached skill level 1 in Fire Magic
  9407 | D:6      | Noticed Edmund
  9625 | D:6      | Killed Edmund
 10258 | D:7      | Reached ** piety under Sif Muna
 10503 | D:7      | Reached skill level 10 in Spellcasting
 10676 | D:7      | Found a burning altar of Makhleb.
 10680 | D:7      | Found a glowing golden altar of the Shining One.
 10683 | D:7      | Found a shattered altar of Ashenzari.
 11245 | D:8      | Found Tocria's General Store.
 11329 | D:8      | Noticed Harold
 11583 | D:8      | Found a stormy altar of Qazlal.
 11716 | D:8      | Found Busas's Magic Scroll Shop.
 11762 | D:8      | Killed Harold
 11762 | D:8      | Reached *** piety under Sif Muna
 11762 | D:8      | Reached skill level 1 in Short Blades
 11762 | D:8      | Reached skill level 11 in Spellcasting
 11762 | D:8      | Reached skill level 5 in Conjurations
 11762 | D:8      | Reached skill level 1 in Transmutations
 11762 | D:8      | Reached skill level 1 in Poison Magic
 11762 | D:8      | Reached XP level 9. HP: 47/47 MP: 10/26
 11982 | D:8      | Found Kociokog's Gadget Boutique.
 12231 | D:8      | Found Omnocwawn's Antique Weapon Emporium.
 12275 | D:9      | Found a basalt altar of Yredelemnul.
 12765 | D:9      | Noticed Joseph
 12834 | D:9      | Killed Joseph
 12966 | D:9      | Found a staircase to the Lair.
 12977 | D:9      | Noticed a two-headed ogre
 12995 | D:9      | Killed a two-headed ogre
 13340 | D:9      | Noticed a troll
 13386 | D:9      | Killed a troll
 13386 | D:9      | Reached skill level 12 in Spellcasting
 13386 | D:9      | Reached XP level 10. HP: 52/52 MP: 22/28
 13627 | D:9      | Reached **** piety under Sif Muna
 14155 | D:8      | Bought a book of Battle for 560 gold pieces
 14219 | D:10     | Entered Level 10 of the Dungeon
 14239 | Lair:1   | Entered Level 1 of the Lair of Beasts
 14369 | Lair:1   | Noticed a black mamba
 14448 | Lair:2   | Noticed a spiny frog
 15272 | D:10     | Mangled by an orc warrior

Vault maps used:
D:1:      enne_arrival_octagon_isle
D:2:      uniq_crazy_yiuf_cottage
D:3:      portal_sewer_entry_b
D:4:      temple_statues, first_ration, serial_shops,
          nicolae_shop_overgrown_old_shop, nicolae_ossuary_entry_catacombs,
          serial_park, serial_park_paths, serial_park_tiny_2
D:5:      fountainhead, minmay_strange_pillars
D:6:      grunt_ministairs_11, uniq_edmund
D:7:      grunt_temple_overflow_open, the_bakery
D:8:      serial_shops, shop, nicolae_shop_behind_doors,
          nicolae_shop_statue_plus, kennysheep_mini,
          nicolae_qazlal_eye_of_the_storm, uniq_harold
D:9:      overflow_temple_1_default, minmay_lair_entry_grove, uniq_joseph
D:10:     nrook_mini_vaults
Temple:   dpeg_five_rooms_temple
Lair:1:   nzn_random_ring
Lair:2:   nicolae_swamp_entry_splash_gauntlet, minmay_lair_oklob_chamber,
          lemuel_fruit_fields
Sewer:    sewer_minmay_treatment
Ossuary:  ossuary_minmay_four_chambers

Skill      XL: |  1  2  3  4  5  6  7  8  9 10 |
---------------+-------------------------------+-----
Spellcasting   | 5 6 7 8 9 11 12 | 12.8
Stealth        | 3 4 |  4.7
Summonings     | 2 4 5 6 8 |  8.3
Staves         | 1 |  1.2
Conjurations   | 2 3 5 6 |  6.7
Dodging        | 3 |  3.5
Fighting       | 1 |  1.2
Fire Magic     | 2 |  2.5
Short Blades   | 1 |  1.4
Translocations | 2 |  2.2
Transmutations | 1 2 3 |  3.3
Poison Magic   | 1 |  1.6
Air Magic      | |  0.6
Invocations    | |  0.8

Action                   |  1- 3 |  4- 6 |  7- 9 | 10-12 || total
-------------------------+-------+-------+-------+-------++-------
Melee: Unarmed           |    16 |       |       |       ||    16
       Quarterstaff      |       |    56 |    17 |       ||    73
       Dagger            |       |       |    71 |    40 ||   111
 Cast: Magic Dart        |    66 |    79 |   100 |    29 ||   274
       Call Imp          |    19 |    69 |   119 |    47 ||   254
       Mephitic Cloud    |     2 |     5 |    28 |    12 ||    47
       Conjure Flame     |     1 |     6 |    20 |     3 ||    30
       Blink             |     1 |       |    19 |     5 ||    25
       Sticks to Snakes  |       |       |     7 |     3 ||    10
Invok: Divine Energy     |       |       |     1 |       ||     1
       Stop Divine Energ |       |       |     1 |       ||     1
       Channel Magic     |       |       |     1 |       ||     1
Evoke: Wand              |       |       |     1 |       ||     1
  Use: Scroll            |     2 |     3 |    12 |     2 ||    19
       Potion            |       |     6 |     6 |     4 ||    16
 Stab: Distracted        |       |     4 |     1 |       ||     5
       Confused          |       |       |     4 |     3 ||     7
       Sleeping          |       |       |     1 |       ||     1
  Eat: Chunk             |     9 |    10 |    10 |     1 ||    30
       Ration            |       |     1 |     3 |     2 ||     6
Armor: Robe              |     1 |    12 |    21 |     8 ||    42
Dodge: Dodged            |    17 |    67 |    79 |    25 ||   188

Table legend:
 A = Non-vault XP
 B = Vault XP
 C = Vault XP percentage of total XP
 D = Non-vault monster count
 E = Vault monster count
 F = Vault count percentage of total count
                 A         B        C        D         E       F
            +---------+---------+-------+---------+---------+-------
      Total |    4885 |    2631 |  35.0 |     189 |      79 |  29.5
            +---------+---------+-------+---------+---------+-------
        D:1 |      31 |       0 |   0.0 |      22 |       0 |   0.0
        D:2 |      49 |      24 |  32.9 |      23 |       1 |   4.2
        D:3 |     132 |      18 |  12.0 |      27 |       6 |  18.2
        D:4 |      82 |     194 |  70.3 |       7 |       6 |  46.2
        D:5 |     601 |       0 |   0.0 |      30 |       0 |   0.0
        D:6 |     326 |     150 |  31.5 |      15 |       3 |  16.7
        D:7 |     509 |     124 |  19.6 |      16 |       1 |   5.9
        D:8 |     390 |     876 |  69.2 |       7 |       1 |  12.5
        D:9 |    1599 |    1101 |  40.8 |      25 |      13 |  34.2
       D:10 |     875 |       0 |   0.0 |      14 |       0 |   0.0
     Lair:1 |     291 |       0 |   0.0 |       3 |       0 |   0.0
      Sewer |       0 |     144 | 100.0 |       0 |      48 | 100.0
            +---------+---------+-------+---------+---------+-------
